 Dungeon Crawl Stone Soup version 0.31-a0-237-g2d982f9f85 (webtiles) character file.

Game seed: 18151820665889474594

3526 qw the Skirmisher (level 10, -9/65 HPs)
             Began as a Gargoyle Hexslinger on July 11, 2023.
             Was a Believer of Okawaru.
             Shot with an arrow by a centaur warrior (16 damage)
             ... on level 8 of the Dungeon.
             The game lasted 00:02:13 (6629 turns).

qw the Skirmisher (Gargoyle Hexslinger)             Turns: 6629, Time: 00:02:14

Health: -9/65      AC: 19    Str: 15 (17) XL:     10   Next: 8%
Magic:  12/13      EV: 13    Int:  9      God:    Okawaru [**....]
Gold:   368        SH:  0    Dex: 14 (16) Spells: 10/11 levels left

rFire   . . .        m - +6 sling "Plojy" {heavy, rPois Str+4 Int-4 SInv}
rCold   . . .        (no shield)
rNeg    + . .        o - +0 ring mail
rPois   inf          (no helmet)
rElec   +            b - +0 cloak
rCorr   .            (no gloves)
SInv    +            (no boots)
Will    +....        (no amulet)
Stlth   ++           g - +4 ring of protection
HPRegen 0.30/turn    t - ring of willpower
MPRegen 0.13/turn

%: no passive effects
@: about to teleport, heroic
A: sickness immunity, AC +7, negative energy resistance 1, electricity
resistance, torment resistance 1, petrification resistance
a: Renounce Religion, Heroism


You were on level 8 of the Dungeon.
You worshipped Okawaru.
Okawaru was pleased with you.
You visited 1 branch of the dungeon, and saw 8 of its levels.

You collected 527 gold pieces.
You spent 159 gold pieces at shops.


Innate Abilities, Weirdness & Mutations

You are immune to sickness and miasma.
Your stone body is resilient. (AC +7)
You are immune to poison.
You resist negative energy. (rN+)
You are resistant to electric shocks. (rElec)
You are resistant to unholy torment.
You are immune to petrification.


   Skills:
 - Level 8.5(13.5) Fighting
 + Level 10.9(15.9) Ranged Weapons
 - Level 2.5(7.5) Armour
 - Level 2.0(7.0) Dodging
 - Level 1.0 Spellcasting
 - Level 2.6 Hexes
 - Level 4.0 Invocations


You had 10 spell levels left.
You knew the following spells:

 Your Spells              Type           Power      Damage    Failure   Level
a - Slow                  Hex            20%        N/A       22%         1

Your spell library contained the following spells:

 Spells                   Type           Power      Damage    Failure   Level
 Inner Flame              Hex/Fire       2%         N/A       75%         3
 Portal Projectile        Hex/Tloc       4%         N/A       75%         3
 Cause Fear               Hex            2%         N/A       91%         4

Inventory:

Hand Weapons
 m - the +6 sling "Plojy" (weapon) {heavy, rPois Str+4 Int-4 SInv}
   (You found it on level 2 of the Dungeon)

   Str:       It affects your strength (+4).
   Int:       It affects your intelligence (-4).
   rPois:     It protects you from poison.
   SInv:      It lets you see invisible.
 r - a +2 antimagic arbalest
Armour
 b - a +0 cloak (worn)
 o - a +0 ring mail (worn)
Jewellery
 g - a +4 ring of protection (left hand)
 t - a ring of willpower (right hand)
Scrolls
 i - 4 scrolls of teleportation
 j - a scroll of brand weapon
 k - a scroll of fear {unknown}
 p - a scroll of identify
Potions
 a - a potion of might
 c - 2 potions of cancellation
 e - 4 potions of curing
 f - a potion of enlightenment
 h - a potion of haste
 l - a potion of resistance {unknown}
 n - a potion of mutation {unknown}

Dungeon Overview and Level Annotations

Branches:
Dungeon (8/15)             Temple (0/1) D:7
   Lair: D:8-11

Altars:
Ashenzari
Makhleb
Okawaru
Uskayaw
Xom
Zin
The Shining One

Shops:
D:6 [*(

Annotations:
D:2 1 runed translucent door, Crazy Yiuf
D:6 exclusion: orc
D:8 Gastronok


Message History

It is covered in frost.
The centaur warrior shoots an arrow.
The arrow hits you! The arrow freezes you!
6621 ||| READING 6 scrolls of teleportation.
As you read the scroll of teleportation, it crumbles to dust.
You feel strangely unstable.
The centaur warrior shoots an arrow.
The arrow barely misses you.
The centaur warrior shoots an arrow.
The arrow hits you but does no damage.
6622 ||| DRINKING potion of heal wounds.
You feel much better. The orc hits you but does no damage.
You shoot a sling bullet. The sling bullet hits the orc!
You kill the orc!
You shoot a sling bullet. The sling bullet hits the orc.
The orc is heavily wounded.
The centaur warrior shoots an arrow.
The arrow barely misses you. The orc hits you but does no damage.
The centaur warrior shoots an arrow.
The arrow hits you.
The centaur warrior shoots an arrow.
The arrow hits you! The arrow freezes you.
You shoot a sling bullet.
The sling bullet closely misses the orc.
Your surroundings suddenly seem different.
A centaur warrior and a two-headed ogre come into view.
Found a chain mail, 12 gold pieces, a pair of gloves and a runed spear.
Enter note:
Enter note:
6626 ||| READING 5 scrolls of teleportation.
As you read the scroll of teleportation, it crumbles to dust.
You feel strangely unstable.
You shoot a sling bullet.
The sling bullet completely misses the two-headed ogre.
You shoot a sling bullet.
The sling bullet hits the centaur warrior but does no damage.
The centaur warrior wields a +0 orcbow.
The centaur warrior shoots an arrow.
The arrow hits you!
You shoot a sling bullet.
The sling bullet hits the centaur warrior!
The centaur warrior is moderately wounded.
You hear a shout!
The centaur warrior shoots an arrow.
The arrow hits you!
You die...

....... .....
... ... ....
.......##..c
.....[.....
#....#....#####
..[............
#...........
#...@.......
...............
#....#.........
.... #.$.......
... #.........
.. #......... .
#........) #...
######....#####
# ....
....c.)...


You could see a centaur warrior.

Vanquished Creatures
  A centaur warrior (D:8)
  Grinder (D:6)
  Menkaure (D:5)
  A water moccasin (D:7)
  An ice beast (D:6)
  An orc warrior (D:6)
  2 black bears (D:5)
  2 sky beasts
  2 ogres
  A phantom (D:4)
  A centaur (D:8)
  A kobold brigand (D:8)
  A gnoll sergeant (D:7)
  4 bullfrogs
  2 scorpions
  13 killer bees
  A hound (D:6)
  A jelly (D:7)
  An orc priest (D:8)
  Jessica (D:2)
  An iguana (D:4)
  A sleepcap (D:7)
  A gnoll bouda (D:5)
  4 orc wizards
  15 gnolls
  6 adders
  A shadow imp (D:5)
  An ufetubus (D:4)
  A dart slug (D:5)
  11 orcs
  2 ball pythons (D:1)
  7 endoplasms
  2 giant cockroaches
  3 hobgoblins
  7 jackals
  4 quokkas
  6 bats
  4 frilled lizards
  9 goblins
  17 kobolds
  4 rats
146 creatures vanquished.

Notes
Turn   | Place    | Note
-------+----------+-------------------------------------------
     0 | D:1      | qw the Gargoyle Hexslinger began the quest for the Orb.
     0 | D:1      | Reached XP level 1. HP: 12/12 MP: 2/2
     0 | D:1      | 0 ||| qw: Version: 0.3-a-52-g30416fa
     0 | D:1      | 0 ||| qw: Game counter: 5528
     0 | D:1      | 0 ||| qw: Melee chars always use a shield: true
     0 | D:1      | 0 ||| qw: God list: Okawaru
     0 | D:1      | 0 ||| qw: Allow faded altars: false
     0 | D:1      | 0 ||| qw: Do Orc after clearing Dungeon:15 true
     0 | D:1      | 0 ||| qw: Do second Lair branch before Depths: true
     0 | D:1      | 0 ||| qw: Lair rune preference: random
     0 | D:1      | 0 ||| qw: Goals: Normal
     0 | D:1      | 0 ||| PLANNING D:1-11
     6 | D:1      | Noticed a black mamba
     6 | D:1      | Noticed a scorpion
     6 | D:1      | Noticed a swamp worm
     7 | D:1      | Noticed a polar bear
     7 | D:1      | Noticed a wyvern
   160 | D:1      | Reached XP level 2. HP: 16/16 MP: 3/3
   332 | D:1      | Reached skill level 3 in Ranged Weapons
   569 | D:1      | Reached XP level 3. HP: 21/21 MP: 4/4
   760 | D:1      | 760 ||| UPGRADING to +4 ring of protection.
   761 | D:1      | 761 ||| READING scroll labelled QEOKIMN GU PYS.
   862 | D:1      | 862 ||| READING scroll labelled XOLE MARUSEA.
   865 | D:1      | 865 ||| READING 2 scrolls labelled ILACES HOUZ.
   866 | D:1      | 866 ||| READING scroll labelled RERGHE ZUZI.
   867 | D:1      | 867 ||| READING scroll labelled GUGYOZ RIEN.
   868 | D:1      | 868 ||| DROPPING scroll of poison.
   869 | D:1      | 869 ||| DROPPING scroll of vulnerability.
   936 | D:2      | Noticed Jessica
   942 | D:2      | Killed Jessica
  1026 | D:2      | Reached XP level 4. HP: 26/26 MP: 5/5
  1033 | D:2      | Reached skill level 4 in Ranged Weapons
  1083 | D:2      | 1083 ||| FLEEEEING.
  1084 | D:2      | 1084 ||| FLEEEEING.
  1085 | D:2      | 1085 ||| STAIRDANCE
  1181 | D:2      | 1181 ||| Stepping ~*~*~tactically~*~*~ (outnumbered).
  1524 | D:2      | Identified the +6 sling "Plojy" {heavy, rPois Str+4 Int-4
                  | SInv}
  1526 | D:2      | 1526 ||| SWAPPING to +6 sling "Plojy" {heavy, rPois Str+4
                  | Int-4 SInv}.
  1527 | D:2      | 1527 ||| DROPPING +1 sling.
  1645 | D:2      | Reached XP level 5. HP: 30/30 MP: 6/6
  1661 | D:2      | Found a runed translucent door.
  1662 | D:2      | Noticed Crazy Yiuf
  1909 | D:2      | 1909 ||| UPGRADING to +0 cloak.
  1914 | D:2      | 1914 ||| UPGRADING to +0 leather armour.
  1924 | D:2      | 1924 ||| DROPPING +0 robe.
  2117 | D:3      | Reached skill level 5 in Ranged Weapons
  2269 | D:3      | Reached skill level 3 in Fighting
  2273 | D:3      | Found a burning altar of Makhleb.
  2275 | D:3      | Reached XP level 6. HP: 37/37 MP: 7/7
  2286 | D:3      | Noticed an Executioner
  2287 | D:3      | Found a glowing silver altar of Zin.
  2288 | D:3      | Noticed an angel
  2426 | D:3      | 2426 ||| UPGRADING to +0 ring mail.
  2436 | D:3      | 2436 ||| DROPPING +0 leather armour.
  2437 | D:3      | 2437 ||| READING 2 scrolls labelled SUKKIXU BUTRAOR.
  2438 | D:3      | 2438 ||| READING scroll labelled OMUIGR DASHRA.
  2439 | D:3      | 2439 ||| DRINKING 2 purple potions.
  2440 | D:3      | 2440 ||| DRINKING 2 grey potions.
  2441 | D:3      | 2441 ||| DRINKING 2 puce potions.
  2442 | D:3      | 2442 ||| DROPPING potion of invisibility.
  2468 | D:4      | You fall into a shaft and drop 1 floor!
  2468 | D:5      | Entered Level 5 of the Dungeon
  2982 | D:4      | Reached XP level 7. HP: 36/41 MP: 8/8
  2990 | D:4      | 2990 ||| FLEEEEING.
  3051 | D:4      | Reached skill level 6 in Ranged Weapons
  3255 | D:4      | Found a glowing golden altar of the Shining One.
  3260 | D:4      | Found an iron altar of Okawaru.
  3260 | D:4      | Found a hide-covered altar of Uskayaw.
  3261 | D:4      | 3261 ||| PLANNING OKAWARU WORSHIP
  3261 | D:4      | 3261 ||| READING 3 scrolls of identify.
  3261 | D:4      | 3261 ||| IDENTIFYING bubbling sapphire potion
  3262 | D:4      | 3262 ||| READING 2 scrolls of identify.
  3262 | D:4      | 3262 ||| IDENTIFYING bubbling ruby potion
  3270 | D:4      | Became a worshipper of Warmaster Okawaru
  3271 | D:4      | 3271 ||| PLANNING D:1-11
  3288 | D:4      | Found a shimmering altar of Xom.
  3291 | D:4      | Found a broken altar of Ashenzari.
  3460 | D:5      | Noticed Menkaure
  3463 | D:5      | 3463 ||| FLEEEEING.
  3468 | D:5      | Killed Menkaure
  3753 | D:5      | Reached skill level 7 in Ranged Weapons
  3799 | D:5      | Reached XP level 8. HP: 37/48 MP: 9/9
  3847 | D:5      | 3847 ||| Stepping ~*~*~tactically~*~*~ (outnumbered).
  3849 | D:5      | 3849 ||| Stepping ~*~*~tactically~*~*~ (outnumbered).
  4279 | D:5      | 4279 ||| READING 2 scrolls labelled BEOTENN QIKHLA.
  4280 | D:5      | 4280 ||| READING 2 scrolls labelled PEELUSME CIAST.
  4281 | D:5      | 4281 ||| DRINKING 2 murky coppery potions.
  4282 | D:5      | 4282 ||| DROPPING scroll of immolation.
  4283 | D:5      | 4283 ||| DROPPING scroll of noise.
  4331 | D:6      | Reached skill level 8 in Ranged Weapons
  4338 | D:6      | Reached * piety under Okawaru
  4379 | D:6      | Reached skill level 1 in Invocations
  4384 | D:6      | Found Odugill's Weapon Shoppe.
  4408 | D:6      | Found Rexauqea's Armour Shop.
  4507 | D:6      | 4507 ||| INVOKING Heroism.
  4593 | D:6      | Reached skill level 3 in Invocations
  4655 | D:6      | Noticed Grinder
  4656 | D:6      | 4656 ||| INVOKING Heroism.
  4662 | D:6      | Paralysed by Grinder for 3 turns
  4667 | D:6      | Killed Grinder
  4694 | D:6      | Found Osmihuh's General Store.
  4703 | D:6      | 4703 ||| BUYING potion of curing (33 gold).
  4703 | D:6      | Bought a potion of curing for 33 gold pieces
  4703 | D:6      | 4703 ||| BUYING scroll of brand weapon (104 gold).
  4703 | D:6      | Bought a scroll of brand weapon for 104 gold pieces
  4703 | D:6      | 4703 ||| BUYING scroll of identify (22 gold).
  4703 | D:6      | Bought a scroll of identify for 22 gold pieces
  5134 | D:6      | 5134 ||| READING 2 scrolls of identify.
  5134 | D:6      | 5134 ||| IDENTIFYING murky cyan potion
  5135 | D:6      | 5135 ||| DROPPING potion of lignification.
  5196 | D:7      | 5196 ||| INVOKING Heroism.
  5199 | D:7      | Reached skill level 9 in Ranged Weapons
  5231 | D:7      | Reached XP level 9. HP: 52/54 MP: 12/12
  5234 | D:7      | 5234 ||| INVOKING Heroism.
  5366 | D:7      | Reached skill level 6 in Fighting
  5571 | D:7      | Found a staircase to the Ecumenical Temple.
  5651 | D:7      | Reached ** piety under Okawaru
  5657 | D:7      | 5657 ||| INVOKING Heroism.
  5750 | D:7      | 5750 ||| FLEEEEING.
  5751 | D:7      | 5751 ||| FLEEEEING.
  5752 | D:7      | 5752 ||| FLEEEEING.
  5861 | D:7      | Reached skill level 10 in Ranged Weapons
  5962 | D:7      | 5962 ||| INVOKING Heroism.
  6157 | D:7      | 6157 ||| UPGRADING to ring of willpower.
  6158 | D:7      | 6158 ||| READING scroll labelled EXZU ACZICIEZALA.
  6159 | D:7      | 6159 ||| READING scroll labelled SAMEME BOCSOLOH.
  6159 | D:7      | Identified a scroll of acquirement
  6159 | D:7      | 6159 ||| ACQUIRING +2 antimagic arbalest
  6159 | D:7      | Acquired a +2 antimagic arbalest
  6161 | D:7      | 6161 ||| DRINKING 2 red potions.
  6162 | D:7      | 6162 ||| DRINKING 3 bubbling pink potions.
  6163 | D:7      | 6163 ||| READING 2 scrolls of identify.
  6163 | D:7      | 6163 ||| IDENTIFYING lumpy ruby potion
  6164 | D:7      | 6164 ||| DROPPING potion of brilliance.
  6165 | D:7      | 6165 ||| DROPPING 2 potions of degeneration.
  6203 | D:8      | Noticed Gastronok
  6204 | D:8      | 6204 ||| INVOKING Heroism.
  6209 | D:8      | Noticed a centaur warrior
  6210 | D:8      | 6210 ||| Stepping ~*~*~tactically~*~*~ (outnumbered).
  6218 | D:8      | Killed a centaur warrior
  6218 | D:8      | HP: 3/56 [Gastronok/the air (31)]
  6219 | D:8      | 6219 ||| READING 7 scrolls of teleportation.
  6220 | D:8      | 6220 ||| DRINKING 2 potions of heal wounds.
  6351 | D:8      | 6351 ||| INVOKING Heroism.
  6491 | D:8      | 6491 ||| INVOKING Heroism.
  6494 | D:8      | Reached XP level 10. HP: 54/65 MP: 10/13
  6617 | D:8      | Noticed a centaur warrior
  6619 | D:8      | 6619 ||| INVOKING Heroism.
  6620 | D:8      | Noticed a centaur warrior
  6620 | D:8      | HP: 11/65 [centaur warrior/arrow (14)]
  6620 | D:8      | HP: 4/65 [centaur warrior/arrow (7)]
  6621 | D:8      | 6621 ||| READING 6 scrolls of teleportation.
  6622 | D:8      | 6622 ||| DRINKING potion of heal wounds.
  6625 | D:8      | Noticed a centaur warrior
  6625 | D:8      | Noticed a two-headed ogre
  6626 | D:8      | 6626 ||| READING 5 scrolls of teleportation.
  6628 | D:8      | HP: 7/65 [centaur warrior/arrow (7)]
  6629 | D:8      | Shot with an arrow by a centaur warrior

Levels and vault maps discovered:
D:1:      onia_arrival_zoo_common, layout_loops_cross, roderic_lattice_a,
          serial_bayou_pond_c
D:2:      minmay_skewed_foursquare, layout_basic, uniq_crazy_yiuf_cottage,
          uniq_jessica
D:3:      layout_rooms, grunt_temple_overflow_order_and_chaos_2
D:4:      layout_loops_ring, minmay_overflow_temple_star_hex, serial_aquarium,
          aquarium_bridge_island_small [aquarium_subvault_small_water,
          aquarium_subvault_bridge, aquarium_subvault_balcony,
          aquarium_subvault_bridge, aquarium_subvault_bridge],
          aquarium_window_1, aquarium_window_2, aquarium_view_2c,
          aquarium_balcony_3a, aquarium_pool_2
D:5:      layout_basic, minmay_misc_feat_plants, uniq_menkaure
D:6:      layout_loops_ring, serial_shops,
          nicolae_shop_temple_entry_statues_fountains, nicolae_square_shop,
          shop_statue, st_stairs_14, minmay_misc_feat_five, uniq_grinder
D:7:      layout_loops_ring, minmay_temple_entry_crystal_x, kennysheep_doodads,
          eino_jars
D:8:      minmay_cut_squares, layout_cave_pools, uniq_gastronok

Skill      XL: |  1  2  3  4  5  6  7  8  9 |
---------------+----------------------------+-----
Ranged Weapons | 3 4 5 7 9 10 | 10.9
Fighting       | 2 3 4 5 8 |  8.5
Armour         | 2 |  2.5
Invocations    | 4 |  4.0
Dodging        | 2 |  2.0
Spellcasting   | |  1.0
Hexes          | |  2.6

Action                     |  1- 3 |  4- 6 |  7- 9 | 10-12 || total
---------------------------+-------+-------+-------+-------++-------
   Fire: Sling             |    83 |    99 |   222 |    32 ||   436
 Invoke: Heroism           |       |       |     9 |     1 ||    10
    Use: Scroll            |     5 |     2 |     9 |     2 ||    18
         Potion            |       |     3 |     4 |     1 ||     8
 Armour: Robe              |    12 |    15 |       |       ||    27
         Leather armour    |       |     3 |       |       ||     3
         Ring mail         |       |    10 |   132 |    17 ||   159
  Dodge: Dodged            |    33 |    44 |   195 |     8 ||   280

Table legend:
 A = Non-vault XP
 B = Vault XP
 C = Vault XP percentage of total XP
 D = Non-vault monster count
 E = Vault monster count
 F = Vault count percentage of total count
                 A         B        C        D         E       F
            +---------+---------+-------+---------+---------+-------
      Total |    3173 |    1865 |  37.0 |     128 |      18 |  12.3
            +---------+---------+-------+---------+---------+-------
        D:1 |      37 |       0 |   0.0 |      24 |       0 |   0.0
        D:2 |      84 |      47 |  35.9 |      13 |       7 |  35.0
        D:3 |     152 |       0 |   0.0 |      12 |       0 |   0.0
        D:4 |     330 |       0 |   0.0 |      16 |       0 |   0.0
        D:5 |     456 |     172 |  27.4 |      16 |       1 |   5.9
        D:6 |     638 |     391 |  38.0 |      12 |       2 |  14.3
        D:7 |     783 |     430 |  35.4 |      15 |       7 |  31.8
        D:8 |     693 |     825 |  54.3 |      20 |       1 |   4.8
            +---------+---------+-------+---------+---------+-------
